 Dungeon Crawl Stone Soup version 0.30-a0-737-gf23d94013f (webtiles) character file.

Game seed: 17903940672138341898

27773 jimonade the Slicer (level 13, 0/67 HPs)
             Began as a Vine Stalker Gladiator on Feb 1, 2023.
             Was a High Priest of Uskayaw.
             Slain by a polar bear (1 damage)
             ... on level 5 of the Lair of Beasts.
             The game lasted 00:50:54 (14150 turns).

jimonade the Slicer (Vine Stalker Gladiator)       Turns: 14150, Time: 00:50:55

Health: 0/67       AC:  7    Str: 18    XL:     13   Next: 34%
Magic:  0/24       EV: 16    Int:  8    God:    Uskayaw [*****.]
Gold:   395        SH:  8    Dex: 20    Spells: 25/25 levels left

rFire   . . .      SeeInvis .    a - +5 dagger
rCold   . . .      Faith    .    w - +2 buckler {rN+}
rNeg    + . .      Spirit   +    C - +0 troll leather armour
rPois   +          Reflect  .    f - +1 helmet
rElec   .          Harm     .    (no cloak)
rCorr   .          Rampage  .    (no gloves)
Will    ++...                    (no boots)
Stlth   +                        H - amulet of the acrobat
HPRegen 1.91/turn                F - ring of willpower
MPRegen 0.19/turn                m - ring of poison resistance

@: invisible
A: fangs 3, regeneration 1, magic shield, antimagic bite, no potion heal 2
a: Renounce Religion, Stomp, Line Pass, Grand Finale


You were on level 5 of the Lair of Beasts.
You worshipped Uskayaw.
Uskayaw was aware of your devotion.
You visited 3 branches of the dungeon, and saw 15 of its levels.
You also visited: Bailey.

You collected 750 gold pieces.
You spent 355 gold pieces at shops.

Inventory:

Hand Weapons
 a - a +5 dagger (weapon)
 b - a +2 dagger of draining
 c - a +0 sling
 I - a +2 long sword of flaming
 K - a +3 short sword of freezing
Missiles
 d - 3 throwing nets
 e - a javelin
 j - 31 poisoned darts (quivered)
 D - 113 stones
Armour
 f - a +1 helmet (worn)
 o - a +2 scale mail of willpower
 w - a +2 buckler of positive energy (worn)
 C - a +0 troll leather armour (worn)
 G - the +2 tower shield "Piasodgh" {rN+}
   (You found it on level 1 of the Lair of Beasts)

   rN:        It protects you from negative energy.
 J - +0 acid dragon scales
 M - a +0 leather armour of fire resistance
 S - a +2 robe of cold resistance
Magical Staves
 N - a staff of poison
Jewellery
 l - a ring of magical power
 m - a ring of poison resistance (right hand)
 A - a ring of flight
 F - a ring of willpower (left hand)
 H - an amulet of the acrobat (around neck)
Wands
 p - a wand of flame (7)
 r - a wand of quicksilver (15)
 s - a wand of charming (20)
 E - a wand of digging (3)
 R - a wand of polymorph (6)
Scrolls
 g - a scroll of enchant weapon
 i - a scroll of enchant armour
 q - 4 scrolls of fog
 v - 2 scrolls of teleportation
 x - a scroll of poison
Potions
 h - 2 potions of attraction
 k - 2 potions of berserk rage
 n - 4 potions of might
 t - 4 potions of mutation
 u - 2 potions of magic {unknown}
 z - 8 potions of curing
 B - 5 potions of flight
 L - 3 potions of invisibility
 O - 2 potions of haste
 P - 3 potions of lignification
 Q - a potion of cancellation {unknown}
 T - a potion of brilliance
 U - 6 potions of ambrosia


   Skills:
 + Level 7.0 Fighting
 - Level 10.0(10.1) Short Blades
 + Level 1.3(6.4) Long Blades
 - Level 1.7 Throwing
 + Level 6.4 Armour
 + Level 7.5 Dodging
 + Level 6.1 Shields
 * Level 6.6 Spellcasting
 * Level 6.5 Necromancy
 * Level 8.6 Invocations


You had 25 spell levels left.
You didn't know any spells.
Your spell library contained the following spells:

 Spells                   Type           Power      Damage    Failure   Level
 Animate Dead             Necr           13%        N/A       22%         4
 Foxfire                  Conj/Fire      8%         2x1d4     32%         1
 Shock                    Conj/Air       8%         1d3       32%         1
 Lesser Beckoning         Tloc           4%         N/A       45%         2
 Anguish                  Hex/Necr       3%         N/A       65%         4
 Gell's Gravitas          Tloc           2%         N/A       69%         3
 Swiftness                Air            2%         N/A       69%         3
 Teleport Other           Tloc           2%         N/A       69%         3
 Airstrike                Air            1%         2d(1-17)  97%         4
 Fireball                 Conj/Fire      1%         3d3       100%        5
 Starburst                Conj/Fire      1%         6d3       100%        6
 Enfeeble                 Hex            1%         N/A       100%        7
 Haunt                    Necr/Summ      3%         N/A       100%        7
 Infestation              Necr           6%         N/A       100%        8


Dungeon Overview and Level Annotations

Branches:
Dungeon (9/15)             Temple (1/1) D:4            Lair (5/5) D:8
  Swamp (0/4) Lair:3       Spider (0/4) Lair:3       Bailey (visited)
  Slime: Lair:4-5       Orc: D:9-12

Altars:
Ashenzari
Cheibriados
Dithmenos
Elyvilon
Fedhas
Gozag
Hepliaklqana
Kikubaaqudgha
Makhleb
Nemelex Xobeh
Okawaru
Qazlal
Ru
Sif Muna
Trog
Uskayaw
Vehumet
Wu Jian
Xom
Yredelemnul
Zin
The Shining One

Shops:
D:3 ?   D:6 :=[*

Annotations:
D:6 4 runed translucent doors, Crazy Yiuf; purpskrrrp's ghost, novice FoHu


Innate Abilities, Weirdness & Mutations

You have razor-sharp teeth.
Your natural rate of healing is unusually fast.
When hurt, damage is shared between your health and your magic reserves.
Your bite disrupts and absorbs the magic of your enemies.
Potions cannot restore your health.


Message History

The blast of flame misses you.
You closely miss the hell hound. Your bite misses the hell hound.
The hell hound is severely wounded.
The polar bear bites you!
* * * LOW HITPOINT WARNING * * *
The polar bear misses you. The polar bear closely misses you.
The hell hound barely misses you.
You hit the hell hound. Your bite misses the hell hound.
The hell hound is almost dead.
The hell hound bites you!
* * * LOW HITPOINT WARNING * * *
You closely miss the hell hound.
You bite the hell hound, but do no damage.
The hell hound is almost dead.
The hell hound breathes flames at you.
The blast of flame hits the hell hound.
The hell hound completely resists.
The blast of flame hits you!
* * * LOW HITPOINT WARNING * * *
You block the polar bear's attack. The polar bear closely misses you.
The polar bear claws you but does no damage.
The hell hound bites you.
* * * LOW HITPOINT WARNING * * *
You fade into invisibility!
The hell hound is no longer sharing its pain.
The polar bear is no longer sharing its pain.
The polar bear misses you. The polar bear closely misses you.
The polar bear claws you but does no damage.
You block the hell hound's attack.
You barely miss the hell hound.
You bite the hell hound, but do no damage.
The hell hound is almost dead.
You block the hell hound's attack. The polar bear barely misses you.
The polar bear misses you. The polar bear closely misses you.
You hit the hell hound.
You kill the hell hound!
You hit the polar bear but do no damage.
The polar bear bites you!
* * * LOW HITPOINT WARNING * * *
You block the polar bear's attack. The polar bear claws you.
You die...

### #....P...# ##.#####..P...#
##...........# ##
.†...........#### ##.####
###...P....P#...##########P#..#.#
#####....#.....#.#.#.##.#...(#
#P.P.#....†..†....#.#.h..###
#.P.####.hh#h†..†..h#†hh....
##### ####@#†..#†...#h...#
#######h.##†h).# #..#####.... #
#### ....# ..h #####.P## .!..##
h. .#..P...# .....## . .....P..#
.#.## P......## ## ...<....#


You could see 3 polar bears.

Vanquished Creatures
  2 hydras (Lair:4)
  Fannar (Lair:3)
  Pikel (D:7)
  8 elephants
  4 black mambas
  Joseph (D:7)
  Maggie (D:7)
  A gargoyle (Bailey)
  A torpor snail (Lair:3)
  4 cane toads
  5 komodo dragons
  A troll (D:8)
  A queen bee (Lair:3)
  3 polar bears
  2 hornets
  A tyrant leech (Lair:3)
  8 blink frogs
  Grinder (D:5)
  A raiju (Lair:5)
  A wraith (D:9)
  4 basilisks
  A vampire (Bailey)
  2 wyverns
  33 yaks
  A steam dragon (D:6)
  Menkaure (D:7)
  2 wargs (Lair:5)
  11 water moccasins
  4 hell hounds (Lair:5)
  2 swamp worms (Lair:3)
  Duvessa (D:5)
  10 black bears
  An orc warrior (D:8)
  A sky beast (D:7)
  An ogre (D:5)
  An ice beast (D:7)
  3 centaurs
  8 wolves
  2 lemures (D:7)
  A kobold brigand (D:8)
  9 bullfrogs
  2 necrophages
  3 gnoll sergeants
  A scorpion (D:4)
  10 wights
  Dowan (D:5)
  24 killer bees (Lair:3)
  5 wolf zombies (Bailey)
  An electric eel (D:6)
  6 vampire bats (Bailey)
  3 howler monkeys (D:9)
  4 hounds
  5 orc priests
  A jelly (D:5)
  3 iron imps (D:6)
  2 iguanas (D:5)
  5 orc wizards
  16 adders
  10 gnolls
  4 shadow imps
  A white imp (D:8)
  A worm (D:2)
  3 dart slugs
  14 orcs
  3 ball pythons
  6 endoplasms
  2 giant cockroaches (D:4)
  7 goblins
  3 hobgoblins
  5 jackals
  8 kobolds
  3 bats
  19 orc zombies (Bailey)
  7 rats
335 creatures vanquished.

Vanquished Creatures (others)
  42 fungi
  71 plants
113 creatures vanquished.

Grand Total: 448 creatures vanquished

Notes
Turn   | Place    | Note
-------+----------+-------------------------------------------
     0 | D:1      | jimonade the Vine Stalker Gladiator began the quest for the
                  | Orb.
     0 | D:1      | Reached XP level 1. HP: 11/11 MP: 2/2
   196 | D:1      | Reached skill level 3 in Short Blades
   196 | D:1      | Reached XP level 2. HP: 12/15 MP: 1/3
   291 | D:1      | Found a faded altar of an unknown god.
   804 | D:2      | Reached XP level 3. HP: 18/18 MP: 4/4
   827 | D:2      | Found a radiant altar of Vehumet.
  1587 | D:3      | Found The Oracle's Delphic Readings.
  2001 | D:4      | Gained mutation: Your natural rate of healing is unusually
                  | fast. [Vine Stalker growth]
  2001 | D:4      | Reached XP level 4. HP: 23/23 MP: 5/5
  2010 | D:4      | Reached skill level 4 in Short Blades
  2010 | D:4      | Reached skill level 1 in Armour
  2133 | D:4      | Reached XP level 5. HP: 25/26 MP: 6/6
  2455 | D:4      | Found a staircase to the Ecumenical Temple.
  2464 | Temple   | Entered the Ecumenical Temple
  2584 | Temple   | Became a worshipper of Uskayaw the Reveller
  2988 | D:5      | Entered Level 5 of the Dungeon
  2995 | D:5      | Reached * piety under Uskayaw
  3015 | D:5      | Reached XP level 6. HP: 30/30 MP: 7/7
  3074 | D:5      | Noticed Duvessa
  3074 | D:5      | Noticed Dowan
  3082 | D:5      | Reached ** piety under Uskayaw
  3084 | D:5      | Reached *** piety under Uskayaw
  3085 | D:5      | Killed Duvessa
  3086 | D:5      | Reached skill level 5 in Short Blades
  3087 | D:5      | Reached **** piety under Uskayaw
  3088 | D:5      | Reached skill level 1 in Invocations
  3093 | D:5      | Killed Dowan
  3093 | D:5      | Reached ***** piety under Uskayaw
  3131 | D:5      | Reached XP level 7. HP: 25/35 MP: 9/9
  3322 | D:5      | Noticed Grinder
  3340 | D:5      | Killed Grinder
  3341 | D:5      | Reached skill level 6 in Short Blades
  3558 | D:5      | Gained mutation: You have razor-sharp teeth. [Vine Stalker
                  | growth]
  3558 | D:5      | Reached XP level 8. HP: 37/39 MP: 10/10
  4445 | D:6      | Found Repsus's Book Emporium.
  4450 | D:6      | Found Vuyp Rob's Antique Armour Emporium.
  4450 | D:6      | Found Kutyrirph's Jewellery Emporium.
  4451 | D:6      | Found Ykoegyp's General Store.
  4482 | D:6      | Bought a runed buckler for 135 gold pieces
  4515 | D:6      | Found a runed translucent gate.
  4516 | D:6      | Found a runed translucent gate.
  4517 | D:6      | Found a runed translucent gate.
  4521 | D:6      | Noticed purpskrrrp's ghost (novice FoHu)
  4605 | D:6      | Found a runed translucent door.
  4606 | D:6      | Noticed Crazy Yiuf
  4766 | D:6      | Found a sparkling altar of Nemelex Xobeh.
  4851 | D:6      | Noticed a hornet
  4862 | D:6      | Paralysed by a hornet for 2 turns
  4868 | D:6      | Killed a hornet
  4869 | D:6      | Reached skill level 7 in Short Blades
  4944 | D:6      | Found a burning altar of Makhleb.
  5277 | D:7      | Noticed Pikel
  5291 | D:7      | Killed Pikel
  5292 | D:7      | Reached XP level 9. HP: 44/44 MP: 12/12
  5319 | D:7      | Noticed Maggie
  5345 | D:7      | Killed Maggie
  5346 | D:7      | Reached skill level 8 in Short Blades
  5400 | D:7      | Noticed Menkaure
  5411 | D:7      | Killed Menkaure
  5480 | D:7      | Noticed Joseph
  5567 | D:7      | Killed Joseph
  5568 | D:7      | Reached skill level 5 in Armour
  5730 | D:7      | Reached skill level 1 in Shields
  5857 | D:7      | Reached XP level 10. HP: 23/49 MP: 14/14
  6155 | D:6      | Bought a ring of poison resistance for 220 gold pieces
  6254 | D:8      | Reached skill level 9 in Short Blades
  6299 | D:8      | Reached skill level 1 in Spellcasting
  6299 | D:8      | Reached skill level 1 in Necromancy
  6396 | D:8      | Reached skill level 5 in Invocations
  6585 | D:8      | Found a staircase to the Lair.
  6884 | D:8      | Paralysed by a hornet for 2 turns
  7067 | D:9      | Found a flagged portal.
  7078 | Bailey   | Entered a bailey
  7428 | Bailey   | Noticed a gargoyle
  7445 | Bailey   | Killed a gargoyle
  8360 | D:9      | Found a shimmering altar of Xom.
  8424 | D:9      | Reached skill level 5 in Dodging
  8424 | D:9      | Reached XP level 11. HP: 38/54 MP: 9/16
  8752 | D:9      | Found a glowing golden altar of the Shining One.
  9396 | Lair:1   | Entered Level 1 of the Lair of Beasts
  9424 | D:8      | Reached skill level 10 in Short Blades
  9508 | Lair:1   | Reached skill level 5 in Fighting
  9762 | Lair:1   | Identified the +2 tower shield "Piasodgh" {rN+}
 11208 | Lair:2   | You fall into a shaft and drop 1 floor!
 11266 | Lair:3   | Found a hole to the Spider Nest.
 11297 | Lair:3   | Noticed Fannar
 11324 | Lair:3   | Killed Fannar
 11427 | Lair:3   | Found a staircase to the Swamp.
 11463 | Lair:3   | Reached skill level 5 in Spellcasting
 11463 | Lair:3   | Reached XP level 12. HP: 22/60 MP: 9/20
 11787 | Lair:3   | Reached ****** piety under Uskayaw
 12247 | Lair:3   | Reached skill level 5 in Necromancy
 12873 | Lair:4   | Noticed an eight-headed hydra
 13142 | Lair:4   | Reached skill level 5 in Shields
 13263 | Lair:4   | Noticed an eight-headed hydra
 13284 | Lair:4   | Killed a three-headed hydra
 13395 | Lair:4   | Reached XP level 13. HP: 63/66 MP: 23/23
 13794 | Lair:5   | Entered Level 5 of the Lair of Beasts
 13897 | Lair:5   | Reached skill level 1 in Long Blades
 14146 | Lair:5   | HP: 1/67 [hell hound (4)]
 14150 | Lair:5   | Slain by a polar bear

Illustrated notes

Levels and vault maps discovered:
D:1:      minmay_arrival_five_plusses, layout_rooms,
          dreamdust_ecumenical_altar_statues
D:2:      layout_rooms, basic_altar
D:3:      layout_basic, chequers_serial_rivers_small_b,
          nicolae_nh_oracle_at_delphi
D:4:      layout_basic, minmay_temple_entry_gardened_gates, minivault_23
D:5:      layout_gridville, saegor_snake_ambush, uniq_duvessa, uniq_grinder
D:6:      layout_rooms, nemelex_xobeh_ov_fountains_minmay, demons_altar,
          biasface_ghost_orc_armoury, minmay_shop_grid_forest,
          chequers_big_river, uniq_crazy_yiuf_cottage
D:7:      layout_gridville, uniq_menkaure, uniq_maggie, uniq_pikel, uniq_joseph
D:8:      layout_cave_pools, grunt_lair_entry_orc_guard_hut
D:9:      layout_stronghold, brannock_xom_greatest_gift, old_standard_altar,
          enter_bailey_2
Temple:   compressed_dpeg_circular_temple
Lair:1:   layout_layer_cave
Lair:2:   layout_layer_cave, minmay_stone_trees_large
Lair:3:   layout_cave_pods, minmay_swamp_entry_worms, dummy_spider_entry,
          special_room [special_room_bee], uniq_fannar
Lair:4:   minmay_lair_venomous_thicket, layout_misc_corridors,
          grunt_megastairs_2
Lair:5:   guppyfry_lair_end_dragon, layout_loops_ring,
          hangedman_lair_caniforms_friends, minmay_slime_entry_pillars,
          uniq_nessos

Skill      XL: |  1  2  3  4  5  6  7  8  9 10 11 12 13 |
---------------+----------------------------------------+-----
Short Blades   | 3 4 5 6 7 8 9 10 | 10.0
Dodging        | 3 4 5 7 |  7.5
Armour         | 1 2 3 4 5 6 |  6.4
Fighting       | 2 3 4 5 6 7 |  7.0
Invocations    | 1 2 3 4 5 6 8 |  8.6
Shields        | 1 2 4 5 6 |  6.1
Spellcasting   | 3 5 6 |  6.6
Necromancy     | 2 4 6 |  6.5
Long Blades    | 1 |  1.3
Throwing       | |  1.7

Action                     |  1- 3 |  4- 6 |  7- 9 | 10-12 | 13-15 || total
---------------------------+-------+-------+-------+-------+-------++-------
  Melee: Rapier            |   101 |    48 |       |       |       ||   149
         Bite              |    26 |    26 |   102 |   461 |   100 ||   715
         Punch             |     4 |     3 |     1 |       |       ||     8
         Dagger            |       |    33 |   280 |  1089 |   217 ||  1619
         Short sword       |       |       |       |    78 |       ||    78
         Long sword        |       |       |       |     5 |     6 ||    11
  Throw: Throwing net      |       |       |     3 |     3 |       ||     6
         Dart              |       |       |       |     1 |       ||     1
    Use: Scroll            |       |    11 |     6 |     2 |     6 ||    25
         Potion            |       |       |       |     1 |     1 ||     2
   Stab: Paralysed         |       |     1 |    11 |    50 |     8 ||    70
         Held in net/web   |       |       |       |     2 |       ||     2
 Armour: Ring mail         |    19 |    21 |    57 |       |       ||    97
         Leather armour    |     1 |       |       |       |       ||     1
         Acid dragon scale |       |       |       |    34 |       ||    34
         Troll leather arm |       |       |       |   103 |    41 ||   144
  Dodge: Dodged            |    57 |    37 |   104 |   524 |   134 ||   856
  Block: Buckler           |       |       |    38 |   285 |    77 ||   400

Table legend: (Time is in decaauts)
 A = Elapsed time spent in this place.
 B = Non-inter-level travel time spent in this place.
 C = Inter-level travel time spent in this place.
 D = Time resting spent in this place.
 E = Time spent auto-exploring this place.
 F = Levels seen in this place.
 G = Mean time per level.
                   A        B        C        D        E       F      G
               +--------+--------+--------+--------+--------+-----+--------+
         Total |  13459 |  12871 |    588 |    744 |   8688 |  16 |  841.2 |
       Dungeon |   7896 |   7420 |    476 |    373 |   5460 |   9 |  877.3 |
        Temple |    151 |    121 |     30 |      0 |     84 |   1 |  151.0 |
          Lair |   4318 |   4237 |     81 |     25 |   2981 |   5 |  863.6 |
        Bailey |   1092 |   1092 |      0 |    346 |    162 |   1 | 1092.0 |
               +--------+--------+--------+--------+--------+-----+--------+

Top non-repeatable levels by time:
  Lair:3: 1438 daAuts
     D:5: 1347 daAuts
  Lair:1: 1242 daAuts
     D:9: 1161 daAuts
  Bailey: 1092 daAuts
     D:4: 1019 daAuts
     D:7: 931 daAuts
     D:6: 882 daAuts
  Lair:4: 871 daAuts
     D:3: 794 daAuts
     D:8: 736 daAuts
     D:1: 606 daAuts
  Lair:2: 488 daAuts
     D:2: 415 daAuts
  Lair:5: 277 daAuts
